[Event "FRA-ch Teams Top 16-A 2022"]
[Site "Chartres"]
[Date "2022.06.11"]
[Round "3.7"]
[White "Maurizzi, Marc`Andria"]
[Black "Barbot, Pierre"]
[Result "1-0"]
[ECO "E14"]
[WhiteElo "2490"]
[BlackElo "2450"]
[Annotator "TA"]
[PlyCount "81"]
[EventDate "2022.06.09"]
[EventType "team-tourn"]
[EventCountry "FRA"]
[SourceTitle "playchess.com"]
[Source "ChessBase"]
[SourceQuality "1"]
[TimeControl "40/5400+30:1800+30"]

1. d4 Nf6 2. c4 e6 3. Nf3 Bb4+ 4. Nbd2 O-O 5. a3 Bxd2+ 6. Qxd2 b6 7. e3 Bb7 8. Be2 d6 9. b4 Nbd7 10. Bb2 Ne4 11. Qc2 c5 12. O-O Qc7 {[%emt 0:00:07] E14: Queen's Indian: Classical Variation (4 e3).} 13. Rfd1 {[%emt 0:06:40] [#]} Nef6 $146 ({Predecessor:} 13... Rad8 14. Rac1 f5 15. Ne1 Nef6 16. Nd3 Be4 17. f3 Bb7 18. Nf4 Rde8 19. d5 exd5 20. cxd5 {1-0 (38) Peev,P (2440)-Bjrzakov,A Pazardzik 1978}) 14. Bc3 Rac8 {[%emt 0:06:30] White is slightly better.} 15. dxc5 bxc5 16. b5 Ne4 17. Bb2 f5 18. Nd2 d5 19. f3 (19. cxd5 $16 exd5 20. Nxe4 fxe4 21. Bg4) 19... Nd6 $14 20. f4 Nb6 21. Be5 {[%emt 0:01:37] This bishop pair is nice.} Qe7 22. a4 Rfd8 23. cxd5 exd5 (23... Nxd5 $14 24. Qb3 Nf6) 24. a5 $16 {[%emt 0:01:51] White is more active.} Nbc4 (24... Nd7 $16 {was necessary.}) 25. Nxc4 $18 Nxc4 26. Bxc4 (26. Qxf5 Nxe3 27. Qh3 d4 $11) 26... dxc4 27. Qxf5 (27. Qxc4+ $6 Qf7 28. Qe2 c4 29. Rxd8+ Rxd8) 27... c3 28. Qc2 {[%emt 0:02:52] Against Rd2} Qe6 29. Rxd8+ (29. Bxc3 Qxe3+ 30. Kh1 Qxf4 $11) (29. Qxc3 $18 {Threatens to win with Qc2.} Qg4 30. Rd2 (30. Qc2 Rxd1+ 31. Rxd1 Bxg2 $14)) 29... Rxd8 $16 30. Rd1 {[%emt 0:01:31] Prevents Rd2.} ({But not} 30. Qxc3 Bxg2 31. f5 (31. Kxg2 Qg4+ 32. Kf1 Qh3+ 33. Kf2 Qh4+ 34. Kg2 Qg4+ 35. Kf1 Qh3+ 36. Kg1 Qg4+ 37. Kf2 Qh4+ 38. Kf3 Qh3+ 39. Ke2 Qh5+ 40. Kf2 Qh4+ $11) 31... Qd5 $14) (30. Bxc3 Qxe3+ 31. Kh1 Rd3 $11) 30... Rxd1+ 31. Qxd1 {[%emt 0:00:19][%mdl 4096] Endgame KQB-KQB} Be4 (31... Qa2 $2 32. Qd8+ Kf7 33. Qd7+ Kg6 34. Qxg7+ Kf5 35. Qxh7+ Ke6 36. Qg8+ Ke7 37. Qxa2 $18) (31... h5 $16) 32. Qd8+ $18 Kf7 33. Bxc3 Qg4 {[%emt 0:02:13][%csl Ge4][%cal Rg4g2] [#]} 34. Qc7+ Kg8 35. Qb8+ Kf7 36. Qxa7+ Ke6 37. f5+ $1 ({Not} 37. Qxg7 Qd1+ 38. Kf2 Qc2+ 39. Kg3 (39. Kg1 Qd1+ 40. Kf2 Qc2+ 41. Kg3 Qxg2+ 42. Kh4 Qxh2+ 43. Kg4 Qg2+ 44. Kh4 Qh2+ 45. Kg4 Qg2+ 46. Kh4 Qh2+ $11) 39... Qxg2+ 40. Kh4 Qxh2+ 41. Kg4 Qg2+ 42. Kh4 Qh2+ 43. Kg4 Qg2+ 44. Kh4 Qh2+ $11) 37... Bxf5 $2 (37... Qxf5 38. Qxg7 Qg6 39. Qxg6+ hxg6) 38. Qxc5 {[%emt 0:01:31] [#] Hoping for a6. White is clearly winning.} Qd1+ 39. Kf2 {[%emt 0:00:01] aiming for Qe5+.} Qc2+ 40. Kg3 {[%emt 0:00:05] Strongly threatening Qc4+.} Be4 41. Qc8+ {[%emt 0:30:05] Weighted Error Value: White=0.09 (flawless) /Black=0.30} 1-0

[Event "FRA-ch Teams Top 16-A 2022"]
[Site "Chartres"]
[Date "2022.06.11"]
[Round "3.8"]
[White "Milliet, Sophie"]
[Black "Tomasi, Elise"]
[Result "1-0"]
[ECO "C43"]
[WhiteElo "2410"]
[BlackElo "2017"]
[Annotator "TA"]
[PlyCount "89"]
[EventDate "2022.06.09"]
[EventType "team-tourn"]
[EventCountry "FRA"]
[SourceTitle "playchess.com"]
[Source "ChessBase"]
[SourceQuality "1"]
[TimeControl "40/5400+30:1800+30"]

1. e4 e5 2. Nf3 Nf6 3. d4 Nxe4 4. Bd3 d5 5. Nxe5 Bd6 6. O-O O-O 7. Nc3 Nxc3 8. bxc3 Nd7 9. Re1 c5 {[%emt 0:29:19] C43: Petroff Defence: 3 d4.} 10. Bf4 {[%emt 0:24:16][%cal Oe5f7] [#]} Qc7 $146 (10... c4 $15 11. Nxd7 Qxd7) ({Predecessor:} 10... c4 11. Bf5 Nf6 12. Bxc8 Qxc8 13. Re3 Qf5 14. Bg3 Ne4 15. Qb1 Nxg3 16. hxg3 f6 17. g4 {1-0 (28) Carlsson,U-Schaufelberger,H ICCF corr 1973}) 11. Re3 (11. Qh5 Nf6 12. Qh4 c4 $17) 11... Nf6 {[%emt 0:13:37] The position is equal.} 12. dxc5 $1 Qxc5 13. Qf3 {[%emt 0:00:18] Inhibits Ng4.} Bxe5 $2 (13... Re8 $11) 14. Rxe5 (14. Bxe5 $16 {[%cal Of3f6] Qxf6! would kill now.} Ng4 15. Bd4) 14... Be6 (14... Bg4 $14 15. Qg3 Bh5) 15. Rg5 $1 $18 {[%emt 0:02:56][%cal Og5g7] Strongly threatening Rxg7+!} Ne8 16. c4 {[%emt 0:03:13] 0x0.00206a5f99d3dp-1022s more active pieces. The black rooks are badly placed.} (16. Re1 $142 {Qh5 is the strong threat.} g6 17. Be5) 16... f6 {[%emt 0:03:25] [#]} 17. Qh5 f5 (17... fxg5 $2 18. Bxh7+ Kh8 19. Bg6+ Kg8 20. Qh7#) 18. Qe2 (18. Bxf5 $6 Bxf5 19. Rxf5 Nf6 $11) 18... Rf6 19. Be5 Rg6 20. Rxg6 hxg6 21. Bb2 {[%emt 0:03:38] This bishop pair is nice.} Kf7 (21... Qc6 $14 22. c5 Bd7) 22. Re1 Qc6 23. cxd5 (23. c5 $18 {aiming for Bb5.} a6 24. Bd4) 23... Qxd5 $16 24. c4 Qc6 25. c5 a6 (25... Nf6 $16) 26. Bc4 Bxc4 27. Qxc4+ Kf8 28. h4 Rd8 {[%emt 0:01:15] [#]} 29. Re6 Rd1+ $2 (29... Qd5 $16 {keeps fighting.} 30. Qxd5 Rxd5) 30. Kh2 $18 Qc7+ 31. Be5 (31. g3 $142) 31... Qf7 (31... Qd8 $142 32. Rxg6 (32. c6 bxc6 33. Rxg6 Qd5 $16) 32... Re1) 32. c6 bxc6 33. Qxc6 $40 {[%emt 0:00:13][%mdl 128] Black is in trouble.} g5 $2 {[%emt 0:00:32] [#]} (33... Qd7 {was worth a try.} 34. Qc5+ (34. Qxa6 Qd8 $16) 34... Kf7 35. Rxa6 Kg8) 34. Bxg7+ $1 Kxg7 35. Rxe8 {[%emt 0:00:06] Hoping for Qc3+.} gxh4 $2 {[%emt 0:00:53][%mdl 4096] Endgame KQR-KQR} (35... Rd4 36. Qc3 Qxe8 37. Qxd4+ Kh7 38. Qa7+ (38. hxg5 Qh5+ 39. Kg1 Qxg5 $18) 38... Kg8 39. Qxa6 (39. hxg5 Qh5+ 40. Kg1 Qd1+ 41. Kh2 Qh5+ 42. Kg3 Qg4+ 43. Kh2 Qh5+ $11) 39... gxh4 40. Qc4+ Kh7 41. Qxh4+ Kg6) 36. Qc3+ Kg6 37. Qc6+ Kg7 $1 38. Rc8 Rd7 39. Qc3+ Kg6 40. Qh8 Qh7 41. Rc6+ Kh5 42. Qe8+ Kg5 43. Qe3+ Kh5 44. Qf4 {[%emt 0:00:00] White wants to mate with Kh3.} Rf7 45. Kh3 {[%emt 0:00:00] Weighted Error Value: White=0.38/Black=0.90} 1-0

[Event "FRA-ch Teams Top 16-A 2022"]
[Site "Chartres"]
[Date "2022.06.11"]
[Round "3.9"]
[White "Sochacki, Christophe"]
[Black "Piorun, Kacper"]
[Result "1/2-1/2"]
[ECO "C47"]
[WhiteElo "2493"]
[BlackElo "2635"]
[Annotator "TA"]
[PlyCount "44"]
[EventDate "2022.06.09"]
[EventType "team-tourn"]
[EventCountry "FRA"]
[SourceTitle "playchess.com"]
[Source "ChessBase"]
[SourceQuality "1"]
[TimeControl "40/5400+30:1800+30"]

1. e4 e5 2. Nf3 Nc6 3. d4 exd4 4. Nxd4 Nf6 5. Nc3 Bb4 6. Nxc6 bxc6 7. Bd3 d5 8. exd5 O-O 9. O-O cxd5 10. Bg5 c6 11. Qf3 h6 {[%emt 0:01:13] [#] 11...Bd6 is the modern continuation.} {Predecessor:} 12. Bxf6 $146 {C47: Scotch Four Knights and Four Knights with 4 g3.} Qxf6 13. Qxf6 gxf6 14. Ne2 Rb8 15. Ng3 Bd6 16. b3 Re8 17. Nf5 Bxf5 18. Bxf5 Be5 19. Rad1 Rbd8 20. Rd3 Bc7 21. Rc3 Rd6 22. Rh3 Kg7 {1-0 (57) Dubov,D (2711)-Alekseenko,K (2698) Chess.com INT 2022} 1/2-1/2

[Event "FRA-ch Teams Top 16-A 2022"]
[Site "Chartres"]
[Date "2022.06.11"]
[Round "3.10"]
[White "Malakhov, Vladimir"]
[Black "Dourerassou, Jonathan"]
[Result "1-0"]
[ECO "E05"]
[WhiteElo "2652"]
[BlackElo "2446"]
[Annotator "TA"]
[PlyCount "89"]
[EventDate "2022.06.09"]
[EventType "team-tourn"]
[EventCountry "FRA"]
[SourceTitle "playchess.com"]
[Source "ChessBase"]
[SourceQuality "1"]
[TimeControl "40/5400+30:1800+30"]

1. c4 e6 2. Nf3 Nf6 3. g3 Be7 4. Bg2 O-O 5. O-O d5 6. d4 dxc4 7. Qc2 Nc6 8. Qxc4 Bd6 {[%emt 0:00:07] E05: Open Catalan: 5 Nf3 Be7.} 9. Nc3 e5 10. dxe5 Nxe5 {[%emt 0:00:11] White is slightly better.} 11. Nxe5 Bxe5 {[%emt 0:00:07] [#]} 12. Rd1 $146 ({Predecessor:} 12. Bf4 Bxf4 13. Qxf4 c6 14. e4 Be6 15. e5 Nd7 16. Qe3 Qa5 17. f4 Rae8 18. Rad1 {½-½ (67) Iljushin,A (2461)-Dourerassou,J (2477) Chess.com INT 2021}) 12... Qe7 13. Be3 $1 Be6 14. Qb5 Bxc3 15. bxc3 {[%emt 0:00:07] Strongly threatening Bc5.} c6 16. Bc5 {[%emt 0:15:26] A strong pair of Bishops.} Qc7 17. Qb4 Rfe8 18. e4 {[%emt 0:03:11] Inhibits Nd5.} Qc8 19. e5 Nd5 20. Qd4 Nb6 21. f4 Rd8 22. Bd6 Bd5 {[%emt 0:00:31] [#]} (22... Nc4 $14) 23. Bf1 $1 $16 {[%emt 0:05:21] White is more active.} Qe6 24. c4 Bxc4 $2 (24... Bf3 $16 {was necessary.}) 25. f5 $1 $18 Qd5 (25... c5 {keeps fighting.}) 26. Qg4 h5 27. Qf4 Qb5 28. f6 $2 (28. a4 Qa5 29. Bxc4 Rxd6 30. Bxf7+ (30. Rxd6 Qc5+ 31. Qf2 Qxf2+ 32. Kxf2 Nxc4 $18) 30... Kxf7 31. Rxd6 Qc5+ 32. Kh1) 28... Rxd6 (28... Bxf1 {is a self mate.} 29. Qg5) 29. Rxd6 $40 {[%emt 0:00:22][%mdl 128] And now Qg5 would win. White goes for the king.} ({Much less strong is} 29. exd6 Bxf1 30. Qxf1 Qe5 $16) 29... Qc5+ {[%emt 0:00:30] [#]} 30. Kh1 (30. Kg2 $1 $18 Bd5+ 31. Kh3) 30... Bd5+ $16 31. Bg2 Bxg2+ 32. Kxg2 Nd5 $2 (32... Nc4 $16) 33. Qg5 $1 $18 g6 34. Re1 {[%emt 0:01:41] Against Ne3+. Intending Qh6 and mate.} ({Weaker is} 34. Qh6 Ne3+ 35. Kh3 Nf5 $17) 34... Qc2+ 35. Kh3 {[%emt 0:00:08] Qh6 would kill now.} Nc7 36. Qh6 Ne8 {[%emt 0:00:07] [#] Inhibits Qg7+.} 37. e6 $1 Qf5+ 38. Kg2 {[%emt 0:00:05] White wants to mate with exf7+.} Qc2+ 39. Kh1 (39. Rd2 $142 Qxd2+ 40. Qxd2 Nxf6 41. Qb2) 39... Qxa2 {[%emt 0:00:55] [#]} 40. e7 $1 {[%emt 0:01:15] White mates.} Qf2 41. Qf8+ {[%emt 0:34:51][%mdl 64] Deflection} Kh7 42. Qxf7+ Kh6 43. Rde6 h4 44. Qf8+ Kh7 45. f7 {[%emt 0:00:00] Weighted Error Value: White=0.15 (very precise) /Black=0.51} 1-0

[Event "FRA-ch Teams Top 16-A 2022"]
[Site "Chartres"]
[Date "2022.06.11"]
[Round "3.11"]
[White "Eden, James"]
[Black "Van Foreest, Lucas"]
[Result "0-1"]
[ECO "B01"]
[WhiteElo "2273"]
[BlackElo "2572"]
[Annotator "TA"]
[PlyCount "122"]
[EventDate "2022.06.09"]
[EventType "team-tourn"]
[EventCountry "FRA"]
[SourceTitle "playchess.com"]
[Source "ChessBase"]
[SourceQuality "1"]
[TimeControl "40/5400+30:1800+30"]

1. e4 d5 2. exd5 Qxd5 3. Nc3 Qd6 4. d4 Nf6 5. Nf3 c6 6. Ne5 Nbd7 {[%emt 0:00:29] B01: Scandinavian Defence.} 7. Bf4 Nd5 8. Nxd5 Qxd5 {[%emt 0:00:35] White is slightly better.} 9. Qf3 {[%emt 0:13:02] Prevents Qe4+.} (9. Nf3 {looks sharper.} e5 10. Qe2 e4 11. Qe3) 9... Qxf3 ({Don't take} 9... Qxd4 10. Nxf7 $1 Qxb2 11. Rd1 $1 $16) 10. Nxf3 Nf6 11. Bd3 Bg4 12. Ne5 Bh5 {[%emt 0:00:09] [#]} 13. Bd2 $146 ({Predecessor:} 13. f3 e6 14. O-O-O Bg6 15. Rhe1 Bxd3 16. Rxd3 Nd7 17. c4 Bd6 18. Kc2 O-O-O 19. Bg5 Nxe5 20. dxe5 {½-½ (40) Molnar,B (2280)-Mrkonjic,N (2365) Hungary 2019}) 13... e6 14. h3 Bd6 15. g4 Bg6 16. Nxg6 hxg6 17. Ke2 O-O-O 18. Kf3 Be7 19. Be3 Nd5 20. c3 Rh4 21. Rad1 Rdh8 22. Kg2 Bd6 23. c4 Nf4+ 24. Bxf4 Bxf4 25. Be4 Rd8 26. Rd3 (26. a3 $11) 26... f5 $15 27. Bf3 e5 28. Be2 Rxd4 29. Rxd4 exd4 {[%emt 0:00:23][%mdl 4096] Endgame KRB-KRB} 30. c5 Rh8 31. Bd3 (31. Rd1 $15) 31... fxg4 $17 32. hxg4 Rxh1 33. Kxh1 {[%emt 0:00:07] KB-KB} Bc1 34. b3 g5 35. Kg2 Ba3 36. Kf3 Bxc5 37. Bf5+ Kc7 38. Ke4 Kd6 39. Bc8 b5 40. f3 ({White should try} 40. a4) 40... Bb6 $1 41. a4 Kc5 $1 42. Bb7 $2 (42. axb5 {was the crucial defense.} cxb5 43. Be6) 42... Bd8 $2 (42... Kb4 43. Bxc6 a6) 43. Kd3 Bf6 44. Ba8 {[%emt 0:01:22] [#]} (44. axb5 $17 Kxb5 45. Bc8) 44... Kb6 (44... a6 $1 $19 {White must now prevent ...Be5.} 45. Bb7 Kb6) 45. Kc2 {[%emt 0:02:39] [#]} (45. axb5 $17 {keeps fighting.} Kxb5 46. Kc2) 45... a6 $1 $19 {[%emt 0:02:03] Strongly threatening ...c5.} 46. Kd3 $2 (46. a5+ Kc7 47. Kd2) 46... c5 47. axb5 $2 (47. Bd5) 47... axb5 48. Bd5 Ka5 49. Be6 $2 (49. Bf7 Be5 50. Bd5) 49... Kb4 50. Bf7 Bd8 51. Be6 (51. Bd5 $142 g6 52. Be6) 51... Bb6 52. Bf7 Ka3 53. Kc2 c4 {[%emt 0:00:10] Black mates.} 54. bxc4 b4 55. Bg6 Ka2 56. c5 b3+ 57. Kd3 Bxc5 58. Bf7 Bb6 59. Be6 Ka3 60. Bc4 b2 61. Kc2 d3+ {[%emt 0:01:36] Weighted Error Value: White=1.02/Black=0.15 (very precise)} 0-1

[Event "FRA-ch Teams Top 16-A 2022"]
[Site "Chartres"]
[Date "2022.06.11"]
[Round "3.12"]
[White "Shchekachev, Andrei"]
[Black "Sochacki, Wojtek"]
[Result "1/2-1/2"]
[ECO "B44"]
[WhiteElo "2508"]
[BlackElo "2324"]
[Annotator "TA"]
[PlyCount "94"]
[EventDate "2022.06.09"]
[EventType "team-tourn"]
[EventCountry "FRA"]
[SourceTitle "playchess.com"]
[Source "ChessBase"]
[SourceQuality "1"]
[TimeControl "40/5400+30:1800+30"]

1. Nf3 c5 2. c4 Nc6 3. d4 cxd4 4. Nxd4 Nf6 5. Nc3 e6 6. e4 Bb4 7. Nxc6 bxc6 8. Bd3 e5 9. O-O O-O 10. h3 $1 {[%emt 0:00:29][%mdl 4] outshines the older 10.Bg5. B44: Sicilian: Taimanov: 5 Nb5.} d6 11. Bd2 Bc5 {[%emt 0:09:22] [#]} 12. Re1 $146 ({Predecessor:} 12. Rc1 Be6 13. Ne2 Rb8 14. b3 Nh5 15. Kh2 Qh4 16. Qe1 f5 17. f3 Qxe1 18. Rfxe1 {½-½ (49) Mrva,V (2059)-Haring,F (2267) Slovakia 2017}) 12... Bd4 ({Don't take} 12... Qb6 13. Na4 Qc7 14. Nxc5 dxc5 15. Be3 $16) 13. Be3 Re8 14. Rb1 Bb7 15. Qf3 Nd7 16. Bd2 Re6 {[%emt 0:02:19] ...Rf6 is the strong threat.} 17. Be3 a5 18. Qd1 Qh4 19. Bf1 c5 20. g3 Qd8 21. Nd5 Nb6 22. h4 Nxd5 23. cxd5 Re7 24. Bb5 Ba6 25. Bxa6 Rxa6 26. Bg5 f6 27. Bd2 Rb7 28. b3 Qd7 29. Qe2 Ra8 30. Qf3 {[%emt 0:01:46] Prevents f5.} Qh3 31. Rec1 f5 {[%emt 0:01:10] [#] White must now prevent ...fxe4.} 32. exf5 (32. Be3 $17 {only move.}) 32... Rf8 33. Be3 Rxf5 34. Qg2 Qxg2+ (34... Qg4 $142 {Threatens to win with ...Bxe3.} 35. Bxd4 cxd4 36. Rc8+ Kf7) 35. Kxg2 $17 Bxe3 36. fxe3 {[%emt 0:00:01][%mdl 4096] Endgame KRR-KRR} Rbf7 (36... e4 $17) 37. Rb2 $1 $11 Rb7 38. Rc4 Rf8 39. Ra4 Rb5 40. Rc2 Ra8 {[%emt 0:00:32] The position is equal.} 41. Rcc4 Kf7 42. h5 Ra7 43. Kh3 Rb8 44. Kg4 Kf6 45. Rc2 h6 46. Rcc4 g6 47. Kh4 g5+ {[%emt 0:00:00] Weighted Error Value: White=0.10 (very precise) /Black=0.12 (very precise)} 1/2-1/2

[Event "FRA-ch Teams Top 16-A 2022"]
[Site "Chartres"]
[Date "2022.06.11"]
[Round "3.13"]
[White "Saatdjian, Thomas"]
[Black "Abergel, Thal"]
[Result "0-1"]
[ECO "D11"]
[WhiteElo "2271"]
[BlackElo "2378"]
[Annotator "TA"]
[PlyCount "108"]
[EventDate "2022.06.09"]
[EventType "team-tourn"]
[EventCountry "FRA"]
[SourceTitle "playchess.com"]
[Source "ChessBase"]
[SourceQuality "1"]
[TimeControl "40/5400+30:1800+30"]

1. d4 d5 2. Nf3 Nf6 3. c4 c6 4. Qc2 g6 5. Bf4 dxc4 6. Qxc4 Bg7 7. e3 {[%emt 0:03:36] D11: Slav Defence: 3 Nf3 sidelines and 3...Nf6 4 e3 Bg4.} O-O 8. Be2 Be6 9. Qc2 {[%emt 0:06:47] The position is equal.} Bf5 {[%emt 0:09:57] Inhibits e4.} 10. Qb3 Qb6 11. Nbd2 Qxb3 12. Nxb3 {[%emt 0:02:39] [#]} a5 $146 ({Predecessor:} 12... Nbd7 13. O-O a5 14. Nbd2 a4 15. a3 Ne4 16. Nc4 Be6 17. Rac1 b5 18. Nce5 {½-½ (18) Deforel,J (1961)-Underwood,W (2052) ICCF email 2018}) 13. Nc5 Nbd7 14. Nxb7 (14. Nxd7 $11 Nxd7 15. O-O) 14... Nd5 $15 15. Be5 Bxe5 16. Nxe5 Nxe5 17. dxe5 Rfb8 18. Nc5 {[%emt 0:00:01] Strongly threatening e4.} Rxb2 {[%emt 0:00:14] Threatens to win with ...Nb4.} 19. Na4 {[%emt 0:16:04] [#]} Rb4 {[%emt 0:03:08] 0x0.001762ce6e9adp-1022s more active pieces. The white rooks are badly placed.} 20. Bd1 Re4 21. O-O Rxe5 22. Rc1 Rb8 (22... Bd3 $5 23. Re1 Bb5 $11) 23. Bb3 Nb4 24. Rfd1 Be6 25. Bxe6 Rxe6 26. a3 Na6 27. Nc5 {[%emt 0:01:07] Against Rb3} Nxc5 28. Rxc5 $17 {[%emt 0:00:02][%mdl 4096] Endgame KRR-KRR} Rb5 29. Rc3 ({White should try} 29. Rdc1 $15) 29... Rd6 30. Rf1 Rd2 31. g3 e6 32. Rxc6 Rb3 33. Ra1 Rbb2 34. Rf1 Ra2 35. Rc3 a4 36. Kg2 Rdb2 37. Kf3 Kg7 38. h4 h5 39. Ke4 Kf6 ({Weaker is} 39... Rxf2 40. Rxf2 Rxf2 41. Rc4 $15) 40. Rd3 (40. Kf3 $17) 40... Rb3 $19 ({Worse is} 40... Rxf2 41. Rxf2+ Rxf2 42. Rd4 $11) 41. Rxb3 axb3 {[%emt 0:30:06] KR-KR} 42. Rb1 Rxa3 43. f3 g5 44. Rb2 $2 (44. f4 $17 {was the only chance.}) 44... gxh4 45. gxh4 Ra4+ 46. Kd3 Rb4 {[%emt 0:00:00] Hoping for ...Kf5.} ({Stronger than} 46... Rxh4 47. Rxb3 Rh2 48. Rb5 $17) 47. Kd2 $2 (47. Kc3 Rxh4 48. Rxb3) 47... Kf5 48. Rb1 b2 {[%emt 0:00:00] White must now prevent ...e5.} 49. Kc3 Rb7 50. Rxb2 Rxb2 {[%emt 0:00:00] Black mates.} 51. Kxb2 {[%emt 0:00:00] [#]} e5 $1 52. Kc3 e4 53. fxe4+ Kg4 54. Kd4 Kxh4 {[%emt 0:00:00] Weighted Error Value: White=0.54/Black=0.09 (flawless)} 0-1

[Event "FRA-ch Teams Top 16-A 2022"]
[Site "Chartres"]
[Date "2022.06.11"]
[Round "3.14"]
[White "Flom, Gabriel"]
[Black "Da Silva, Quentin"]
[Result "1-0"]
[ECO "A45"]
[WhiteElo "2442"]
[BlackElo "2171"]
[Annotator "TA"]
[PlyCount "61"]
[EventDate "2022.06.09"]
[EventType "team-tourn"]
[EventCountry "FRA"]
[SourceTitle "playchess.com"]
[Source "ChessBase"]
[SourceQuality "1"]
[TimeControl "40/5400+30:1800+30"]

1. d4 Nf6 2. Bg5 g6 3. Bxf6 exf6 4. e3 Bg7 5. g3 d5 6. Bg2 O-O 7. Ne2 {[%emt 0:00:15] A45: Trompowsky Attack.} c6 8. Nd2 Be6 9. O-O {[%emt 0:00:08] The position is equal.} f5 10. Rc1 Nd7 11. c4 dxc4 12. Nxc4 Nf6 13. Nf4 Re8 {[%emt 0:08:18] [#]} 14. b4 $146 ({Predecessor:} 14. Nxe6 Rxe6 15. Qb3 Re7 16. Rfd1 Nd5 17. Ne5 Qd6 18. Bxd5 cxd5 19. Nd3 Rd8 20. Rc3 h6 21. Rdc1 b6 22. Nb4 Red7 23. Nc6 Kf8 24. Nxd8 {1-0 (24) Dos Santos,M-Baroin,B (2101) ICCF email 1999}) 14... Ne4 15. a4 Bxc4 16. Rxc4 a5 17. Bxe4 Rxe4 18. Qb3 axb4 ({Black should try} 18... Bh6 $14) 19. Rxb4 $16 Qa5 $2 {[%emt 0:05:10][%mdl 8192] [#] A mistake that costs the game.} (19... Re7 $16) 20. Rxb7 $18 Rf8 21. h4 (21. Rc1 $142) 21... Rxf4 $2 (21... Bh6 {was necessary.} 22. Ne2 Qa6) 22. exf4 ({Much less strong is} 22. gxf4 Qd8 23. Qc4 Qxh4 24. Qxc6 g5 25. fxg5 f4 $18) 22... Bxd4 23. Qc4 c5 24. Rb5 Qd2 (24... Qa8 25. a5 Re8) 25. a5 {[%emt 0:01:13][%cal Ba4a5,Ba5a6,Ba6a7][%mdl 32] White is clearly winning.} Re8 26. Rb7 Rf8 27. a6 Qa5 28. a7 Qa3 29. Kg2 {[%emt 0:00:35] [#] Black must now prevent Re1.} Kg7 30. Qd5 {[%emt 0:00:29] Strongly threatening Re1.} Kh6 31. Rb8 {[%emt 0:00:27] Weighted Error Value: White=0.27 (precise) /Black=0.49} 1-0

[Event "FRA-ch Teams Top 16-A 2022"]
[Site "Chartres"]
[Date "2022.06.11"]
[Round "3.15"]
[White "Caille, Hugo"]
[Black "Vlachos, Anatole"]
[Result "0-1"]
[ECO "A91"]
[WhiteElo "2177"]
[BlackElo "2410"]
[Annotator "TA"]
[PlyCount "86"]
[EventDate "2022.06.09"]
[EventType "team-tourn"]
[EventCountry "FRA"]
[SourceTitle "playchess.com"]
[Source "ChessBase"]
[SourceQuality "1"]
[TimeControl "40/5400+30:1800+30"]

1. d4 f5 2. g3 Nf6 3. Bg2 e6 4. Nh3 Be7 5. O-O O-O 6. c4 d6 7. Nc3 e5 {[%emt 0:11:23] A91: Classical Dutch: Early Deviations.} 8. b3 Qe8 9. Bb2 c6 {[%emt 0:03:35] White is slightly better.} 10. e3 Na6 {[%emt 0:03:23] [#]} 11. a3 $146 (11. Qd2 $14) ({Predecessor:} 11. f3 Nc7 12. Qd2 Qh5 13. Nf2 Be6 14. Ne2 Nd7 15. Rad1 Qh6 16. e4 Bg5 17. f4 exf4 18. gxf4 {1-0 (42) Pravec,L (2350)-Zatrapa,P (2301) ICCF email 2004}) 11... Nc7 12. b4 e4 13. d5 {[%emt 0:04:53] Prevents Be6.} cxd5 (13... Ng4 {feels hotter.} 14. c5 Rf6 15. dxc6 bxc6 16. Ne2 Rh6) 14. cxd5 Ng4 15. Rc1 Bf6 16. Qb3 Qf7 17. Rfd1 Ne5 18. Ne2 g5 $1 (18... Nd3 19. Bxf6 Nxc1 20. Rxc1 gxf6 21. Nhf4 $14) 19. Bxe5 {[%emt 0:05:50] Black keeps a firm grip on the game.} ({White should play} 19. Kh1 $15) 19... dxe5 $17 20. f3 exf3 21. Bxf3 {[%emt 0:00:10][%cal Oc1c7] [#] Black must now prevent Rxc7!} Nb5 {[%emt 0:04:30] Strongly threatening ...g4.} (21... g4 {[#]} 22. Rxc7 $1 Bd7 23. Bg2 (23. Rxb7 gxf3 24. Nc3 Rfb8 $15) 23... gxh3 24. Bxh3 $16) 22. Nf2 Nd6 23. Rc2 ({White should try} 23. Bg2) 23... Bd7 24. Rdc1 Qe8 {[%emt 0:05:44] And now ...Ba4 would win.} 25. Bg2 (25. Rc5 {might work better.}) 25... Ba4 $19 26. Qd3 e4 27. Qd2 Bxc2 28. Rxc2 Rc8 29. g4 Rxc2 30. Qxc2 Qc8 31. Qxc8 Rxc8 32. gxf5 Nxf5 ({And not} 32... Rc2 33. Ng3) 33. Ng4 (33. Nxe4 $142 Kf7 34. Kf2) 33... Bb2 34. Bxe4 Nd6 35. Bd3 h5 ({But not} 35... Bxa3 $2 36. e4 $19) 36. Nf2 Bxa3 37. e4 Nf7 {[%emt 0:00:22] Black is clearly winning.} 38. Ng3 Bxb4 39. Nxh5 Ne5 40. Nf6+ Kg7 41. N6g4 Nxg4 42. Nxg4 a5 43. Bb5 Rc5 {[%emt 0:00:39] Weighted Error Value: White=0.37/Black=0.09 (flawless)} 0-1